 Dungeon Crawl Stone Soup version 0.30.2 (webtiles) character file.

Game seed: 1924818721103064687

240 porpoise the Shooter (level 5, -5/45 HPs)
             Began as a Minotaur Hexslinger on Jan 22, 2024.
             Succumbed to an orc wizard's poison
             ... on level 6 of the Dungeon.
             The game lasted 00:05:06 (2662 turns).

porpoise the Shooter (Minotaur Hexslinger)          Turns: 2662, Time: 00:05:07

Health: -5/45      AC:  5    Str: 15    XL:     5   Next: 79%
Magic:  5/5        EV: 11    Int: 10    God:
Gold:   217        SH:  5    Dex: 12    Spells: 5/6 levels left

rFire   . . .        a - +1 sling (flame)
rCold   . . .        (no shield)
rNeg    . . .        i - +0 ring mail
rPois   .            (helmet restricted)
rElec   .            (no cloak)
rCorr   .            (no gloves)
SInv    .            (no boots)
Will    .....        k - amulet of reflection
Stlth   +            (no ring)
HPRegen 0.27/turn    (no ring)
MPRegen 0.09/turn

%: reflection
@: lethally poisoned (-5 -> -32), hasted, very quick
A: horns 2, retaliatory headbutt
a: no special abilities


You were on level 6 of the Dungeon.
You visited 1 branch of the dungeon, and saw 4 of its levels.

You collected 217 gold pieces.

Inventory:

Hand Weapons
 a - a +1 sling of flaming (weapon)
 b - a +0 short sword
Missiles
 p - 2 boomerangs
Armour
 c - a +0 robe
 i - a +0 ring mail (worn)
Jewellery
 k - an amulet of reflection (around neck)
Wands
 w - a wand of charming (8)
Scrolls
 d - a scroll of vulnerability {unknown}
 e - 3 scrolls of poison
 f - a scroll of fear
 j - a scroll of acquirement {unknown}
 l - a scroll of brand weapon
 n - 2 scrolls of teleportation {unknown}
 s - a scroll of amnesia {unknown}
 t - 2 scrolls of identify {unknown}
Potions
 g - a potion of heal wounds {unknown}
 h - a potion of mutation {unknown}
 m - 2 potions of degeneration {unknown}
 o - 2 potions of haste
 q - a potion of flight {unknown}
 r - a potion of invisibility {unknown}
 u - a potion of lignification {unknown}
 v - a potion of attraction {unknown}
 x - a potion of experience {unknown}
 z - a potion of curing {unknown}


   Skills:
 + Level 3.6 Fighting
 * Level 5.1 Ranged Weapons
 + Level 2.9 Armour
 - Level 2.1 Dodging
 - Level 1.0 Spellcasting
 - Level 2.0 Hexes


You had 5 spell levels left.
You knew the following spells:

 Your Spells              Type           Power      Damage    Failure   Level
a - Slow                  Hex            16%        N/A       28%         1

Your spell library contained the following spells:

 Spells                   Type           Power      Damage    Failure   Level
 Lesser Beckoning         Tloc           0%         N/A       69%         2
 Sublimation of Blood     Necr           0%         N/A       69%         2
 Dazzling Flash           Conj/Hex       4%         N/A       78%         3
 Inner Flame              Hex/Fire       2%         N/A       78%         3
 Portal Projectile        Hex/Tloc       4%         N/A       78%         3
 Gell's Gravitas          Tloc           0%         N/A       89%         3
 Teleport Other           Tloc           0%         N/A       89%         3
 Cause Fear               Hex            2%         N/A       96%         4
 Petrify                  Tmut/Erth      0%         N/A       100%        4
 Agony                    Necr           0%         N/A       100%        5
 Irradiate                Conj/Tmut      0%         3d11      100%        5
 Silence                  Hex/Air        1%         N/A       100%        5


Dungeon Overview and Level Annotations

Branches:
Dungeon (3/15)

Altars:

Annotations:
D:1 dig


Innate Abilities, Weirdness & Mutations

You have a pair of horns on your head.
You reflexively headbutt those who attack you in melee.


Message History

The hound bites you but does no damage. The hound barely misses you.
You furiously retaliate!
You headbutt the hound!
You kill the hound!
No target in view!
No target in view!
No target in view!
Something hits you but does no damage.
You are poisoned.
Things that are here:
a +0 dagger; a +0 robe; a hound corpse You shoot a sling bullet.
You feel very sick. Something hits you but does no damage.
You shoot a sling bullet.
You feel sick. Something hits you but does no damage.
You are more poisoned.
You hear some strange, mumbled words.
Something tries to affect you, but you resist.
You shoot a sling bullet.
You feel very sick. You block something's attack.
You shoot a sling bullet.
You feel very sick. Something hits you but does no damage.
You are more poisoned.
You shoot a sling bullet.
You feel very sick.
You hear some strange, mumbled words.
A magic dart appears from out of thin air!
The magic dart hits you!
* * * LOW HITPOINT WARNING * * *
You shoot a sling bullet.
* * * LOW HITPOINT WARNING * * *
You feel very sick. Something hits you but does no damage.
You are more poisoned.
Something hits you.
* * * LOW HITPOINT WARNING * * *
You are more poisoned.
It was a potion of haste.
You feel yourself speed up.
You die...

... #.# ... ###.#
####.#.# ####.#
#..######### #...##
##.....|)..#
##.#.###..#######.#
#@##>#.### #.#
#{.....# #.#
#.###.## #.# #)#
#.##### #.# #.#
#.....# #.# #.#
#####.# #.# ..# #.#
#.# ..# #.######.#
#.........


There were no monsters in sight!

Vanquished Creatures
  A hound (D:6)
  An orc priest (D:6)
  Ijyb (D:3)
  3 orc wizards
  A worm (D:2)
  A dart slug (D:2)
  6 orcs
  5 ball pythons
  6 endoplasms
  3 giant cockroaches
  3 goblins
  4 hobgoblins
  3 jackals
  3 quokkas (D:1)
  8 bats (D:2)
  8 frilled lizards
  11 kobolds
  8 rats
76 creatures vanquished.

Notes
Turn   | Place    | Note
-------+----------+-------------------------------------------
     0 | D:1      | porpoise the Minotaur Hexslinger began the quest for the
                  | Orb.
     0 | D:1      | Reached XP level 1. HP: 16/16 MP: 1/1
   121 | D:1      | Reached XP level 2. HP: 19/24 MP: 2/2
   274 | D:1      | Reached skill level 3 in Ranged Weapons
   830 | D:1      | Reached XP level 3. HP: 27/29 MP: 3/3
  1177 | D:2      | Reached skill level 1 in Armour
  2247 | D:3      | Reached XP level 4. HP: 37/37 MP: 4/4
  2344 | D:3      | Noticed Ijyb
  2354 | D:3      | Killed Ijyb
  2355 | D:3      | Reached skill level 4 in Ranged Weapons
  2429 | D:3      | Reached XP level 5. HP: 17/45 MP: 5/5
  2572 | D:3      | You fall into a shaft and drop 3 floors!
  2650 | D:6      | Reached skill level 5 in Ranged Weapons
  2661 | D:6      | HP: 1/45 [something (4)]
  2662 | D:6      | Succumbed to an orc wizard's poison

Illustrated notes

Levels and vault maps discovered:
D:1:      minmay_arrival_solitary_statue, layout_loops_ring, due_unseen_surprise
D:2:      layout_loops_corners, minmay_pentomino_p4
D:3:      cheibrodos_thug_alley, layout_basic, uniq_ijyb
D:6:      kennysheep_kobold_camp, layout_loops_ring, nicolae_ru_awakened_eye

Skill      XL: |  1  2  3  4  5 |
---------------+----------------+-----
Ranged Weapons | 3 4 5 |  5.1
Fighting       | 2 3 |  3.6
Armour         | 1 2 |  2.9
Dodging        | |  2.1
Spellcasting   | |  1.0
Hexes          | |  2.0

Action                     |  1- 3 |  4- 6 || total
---------------------------+-------+-------++-------
  Melee: Sling             |       |     2 ||     2
   Fire: Sling             |   209 |    71 ||   280
    Use: Scroll            |       |     2 ||     2
         Potion            |       |     1 ||     1
 Armour: Robe              |     6 |       ||     6
         Ring mail         |    33 |    27 ||    60
  Dodge: Dodged            |    61 |    22 ||    83
  Block: Other             |    15 |     8 ||    23
         Reflection        |       |     1 ||     1
